 Dungeon Crawl Stone Soup version 0.22-a0-479-gc6e99f3 (webtiles) character file.

10284 aronpayne the Thaumaturge (level 11, -6/82 HPs)
             Began as a Gnoll Venom Mage on June 14, 2018.
             Was a Priest of Sif Muna.
             Mangled by a black mamba (9 damage)
             ... on level 1 of the Lair of Beasts.
             The game lasted 01:19:41 (13061 turns).

aronpayne the Thaumaturge (Gnoll Venom Mage)       Turns: 13061, Time: 01:19:42

Health: -6/82      AC: 12    Str: 10    XL:     11   Next: 59%
Magic:  16/23      EV: 17    Int: 21    God:    Sif Muna [***...]
Gold:   251        SH:  0    Dex: 16    Spells: 16/26 levels left

rFire    . . .     SeeInvis .   m - +0 dagger (elec)
rCold    + . .     Gourm    .   (no shield)
rNeg     . . .     Faith    .   E - +0 troll leather armour
rPois    .         Spirit   .   (no helmet)
rElec    .         Reflect  .   a - +0 cloak
rCorr    .         Harm     .   G - +2 pair of gloves
MR       .....                  B - +2 pair of boots
Stlth    ++++......             (no amulet)
HPRegen  0.63/turn              k - ring of protection from cold
MPRegen  0.18/turn              (no ring)

@: lethally poisoned (-6 -> -8), flying, very slightly contaminated
A: distributed training, fangs 1, strong nose
a: Divine Energy, Channel Magic, Renounce Religion


You were on level 1 of the Lair of Beasts.
You worshipped Sif Muna.
Sif Muna was most pleased with you.
You were not hungry.

You visited 3 branches of the dungeon, and saw 13 of its levels.

You collected 746 gold pieces.
You spent 495 gold pieces at shops.

Inventory:

Hand Weapons
 m - a +0 dagger of electrocution (weapon)
 v - a +0 whip of freezing
 H - a +0 antimagic war axe
 I - a +1 hand axe of flaming
Missiles
 d - 3 tomahawks (quivered)
Armour
 a - a +0 cloak (worn)
 y - a +3 leather armour
 z - a +1 leather armour of magic resistance
 B - a +2 pair of boots (worn)
 C - a +2 leather armour of cold resistance
 E - a +0 troll leather armour (worn)
 G - a +2 pair of gloves (worn)
 J - a +2 pair of boots
Jewellery
 b - an uncursed amulet of regeneration {unknown}
 k - a ring of protection from cold (left hand)
 D - an uncursed ring of protection from cold
Wands
 g - a wand of flame (42)
 w - a wand of paralysis (21)
 K - a wand of iceblast (7)
Scrolls
 f - 4 scrolls of fog
 j - 5 scrolls of teleportation {unknown}
 l - 3 scrolls of fear {unknown}
 o - 4 scrolls of enchant armour {unknown}
 p - 4 scrolls of holy word {unknown}
 r - a scroll of enchant weapon {unknown}
 s - 5 scrolls of magic mapping {unknown}
 t - 2 scrolls of immolation {unknown}
 F - a scroll of acquirement {unknown}
Potions
 e - a potion of agility
 i - a potion of berserk rage {unknown}
 n - 2 potions of lignification
 x - a potion of mutation {unknown}
Miscellaneous
 A - a lightning rod (4/4)
Comestibles
 c - 27 rations


   Skills:
 + Level 6.3 Fighting
 + Level 6.3 Short Blades
 + Level 6.3 Long Blades
 + Level 6.3 Axes
 + Level 6.3 Maces & Flails
 + Level 6.3 Polearms
 + Level 6.3 Staves
 + Level 6.3 Slings
 + Level 6.3 Bows
 + Level 6.3 Crossbows
 + Level 6.3 Throwing
 + Level 6.3 Armour
 + Level 7.9 Dodging
 + Level 7.7 Stealth
 + Level 6.3 Shields
 + Level 6.3 Unarmed Combat
 + Level 8.1 Spellcasting
 + Level 5.7 Conjurations
 + Level 5.2 Hexes
 + Level 5.2 Charms
 + Level 5.2 Summonings
 + Level 5.2 Necromancy
 + Level 5.2 Translocations
 + Level 5.2 Transmutations
 + Level 5.2 Fire Magic
 + Level 5.2 Ice Magic
 + Level 5.2 Air Magic
 + Level 5.2 Earth Magic
 + Level 7.7 Poison Magic
 + Level 6.9 Invocations
 + Level 6.3 Evocations


You had 16 spell levels left.
You knew the following spells:

 Your Spells              Type           Power        Failure   Level  Hunger
a - Sting                 Conj/Pois      ####         1%          1    None
b - Olgreb's Toxic Radia  Pois           #####...     4%          4    ###....
c - Bolt of Magma         Conj/Fire/Erth ####......   30%         5    #####..

Your spell library contained the following spells:

 Spells                   Type           Power        Failure   Level  Hunger
 Conjure Flame            Conj/Fire      ####....     3%          3    None
 Freezing Cloud           Conj/Ice/Air   ####......   86%         6    ######.
 Mephitic Cloud           Conj/Pois/Air  ####....     2%          3    None
 Ring of Flames           Chrm/Fire      ####......   100%        7    #######
 Venom Bolt               Conj/Pois      #####.....   17%         5    #####..
 Iron Shot                Conj/Erth      ####......   85%         6    ######.
 Stone Arrow              Conj/Erth      ####..       3%          3    None
 Passwall                 Tmut/Erth      ####....     1%          2    None
 Lee's Rapid Deconstruct  Erth           ####......   32%         5    #####..
 Sandblast                Erth           ####..       1%          1    None
 Petrify                  Tmut/Erth      ####....     12%         4    ###....
 Orb of Destruction       Conj           ####......   100%        7    #######
 Iskenderun's Battlesphe  Conj/Chrm      ####....     28%         5    #####..
 Spellforged Servitor     Conj/Summ      ####......   100%        7    #######
 Poisonous Vapours        Pois/Air       #####.       1%          2    None


Dungeon Overview and Level Annotations

Branches:
Dungeon (11/15)            Temple (1/1) D:6            Lair (1/6) D:9
    Orc (0/2) D:10

Altars:
Ashenzari
Cheibriados
Dithmenos
Elyvilon
Fedhas
Gozag
Hepliaklqana
Kikubaaqudgha
Makhleb
Nemelex Xobeh
Okawaru
Qazlal
Ru
Sif Muna
Trog
Uskayaw
Vehumet
Wu Jian
Xom
Yredelemnul
Zin
The Shining One
Lugonu

Shops:
D:7 *   D:9 (=*:}

Annotations:
D:9 2 transporters


Innate Abilities, Weirdness & Mutations

Your experience applies equally to all skills.
You have very sharp teeth.
Your uncanny sense of smell can sniff out nearby items.


Message History

The black mamba poisons you!
You feel sick.
The black mamba bites you but does no damage.
You feel very buoyant.
You fly up into the air.
You feel sick. The black mamba closely misses you. The black mamba bites you!
* * * LOW HITPOINT WARNING * * *
You feel sick.
There is a stone staircase leading down here.
You feel sick. The black mamba barely misses you.
* * * LOW HITPOINT WARNING * * *
You feel sick.
The black mamba bites you but does no damage.
You feel sick. The black mamba barely misses you.
You feel sick. The black mamba misses you.
You feel sick.
The black mamba bites you but does no damage.
You feel sick. The black mamba bites you!
You die...

####### ∆∆ P...≈.≈
∆∆#.P...≈≈≈
#####≈≈≈≈≈≈≈≈(≈≈≈≈≈.
#≈≈≈≈≈≈≈≈≈≈≈≈.≈≈ ≈. .
#≈≈≈≈≈≈≈≈≈≈≈≈.≈≈≈. ..
#≈≈≈≈≈≈≈≈≈###..#. ..#
#≈≈≈@≈≈≈≈≈#≈≈.≈≈#....
#≈≈≈≈S≈P.P#≈.......
##........#.....# ..
#........###†###....
#............†......
#.P..#..............
#........>.########.
###.......## #.
#..#.....# #.


You could see a black mamba.

Vanquished Creatures
  A hydra (D:8)
  A two-headed ogre (D:9)
  Pikel (D:5)
  A spiny frog (Lair:1)
  A komodo dragon (Lair:1)
  A troll (D:11)
  2 dream sheep (D:8)
  2 hippogriffs
  A wyvern (D:9)
  A shadow (D:11)
  Eustachio (D:5)
  2 yaks (D:8)
  Menkaure (D:4)
  A porcupine (D:9)
  A water moccasin (Lair:1)
  4 black bears
  4 orc warriors
  3 ice beasts
  2 sky beasts
  4 phantoms
  4 ogres
  3 centaurs
  2 crocodiles
  3 big kobolds (D:8)
  12 bullfrogs
  A wyvern skeleton (D:10)
  2 scorpions
  A water moccasin skeleton (D:8)
  11 killer bees (D:7)
  2 howler monkeys
  3 crimson imps
  3 centaur zombies
  A bullfrog zombie (D:5)
  8 orc wizards
  Crazy Yiuf (D:5)
  A gnoll shaman (D:7)
  7 orc priests
  5 hounds
  2 iguanas (D:6)
  Terence (D:3)
  Natasha (D:3)
  9 worker ants
  A killer bee zombie (D:10)
  A hound skeleton (D:4)
  2 worker ant zombies
  8 gnolls
  12 adders
  2 shadow imps
  An ooze (D:2)
  4 adder skeletons
  3 worms
  A dart slug (D:1)
  6 leopard geckos
  68 orcs
  2 giant cockroaches (D:1)
  3 goblins
  10 hobgoblins
  11 jackals
  5 quokkas
  10 bats
  7 frilled lizards
  6 kobolds
  A leopard gecko skeleton (D:4)
  8 rats
290 creatures vanquished.

Vanquished Creatures (others)
  A bullfrog (D:5)
  2 hounds (D:5)
  A jackal zombie (D:5)
  4 plants (D:8)
8 creatures vanquished.

Grand Total: 298 creatures vanquished

Notes
Turn   | Place    | Note
-------+----------+-------------------------------------------
     0 | D:1      | aronpayne the Gnoll Venom Mage began the quest for the Orb.
     0 | D:1      | Reached XP level 1. HP: 13/13 MP: 6/6
   150 | D:1      | Reached XP level 2. HP: 9/20 MP: 0/7
   628 | D:1      | Reached XP level 3. HP: 25/25 MP: 6/9
   695 | D:1      | Reached skill level 5 in Spellcasting
  1120 | D:2      | Reached skill level 1 in Invocations
  1274 | D:2      | Reached skill level 1 in Fighting
  1274 | D:2      | Reached skill level 1 in Short Blades
  1274 | D:2      | Reached skill level 1 in Long Blades
  1274 | D:2      | Reached skill level 1 in Axes
  1274 | D:2      | Reached skill level 1 in Maces & Flails
  1274 | D:2      | Reached skill level 1 in Polearms
  1274 | D:2      | Reached skill level 1 in Staves
  1274 | D:2      | Reached skill level 1 in Slings
  1274 | D:2      | Reached skill level 1 in Bows
  1274 | D:2      | Reached skill level 1 in Crossbows
  1274 | D:2      | Reached skill level 1 in Throwing
  1274 | D:2      | Reached skill level 1 in Armour
  1274 | D:2      | Reached skill level 1 in Shields
  1274 | D:2      | Reached skill level 1 in Unarmed Combat
  1274 | D:2      | Reached skill level 1 in Evocations
  1332 | D:2      | Reached XP level 4. HP: 32/32 MP: 3/11
  2051 | D:2      | Reached skill level 1 in Hexes
  2051 | D:2      | Reached skill level 1 in Charms
  2051 | D:2      | Reached skill level 1 in Summonings
  2051 | D:2      | Reached skill level 1 in Necromancy
  2051 | D:2      | Reached skill level 1 in Translocations
  2051 | D:2      | Reached skill level 1 in Transmutations
  2051 | D:2      | Reached skill level 1 in Fire Magic
  2051 | D:2      | Reached skill level 1 in Ice Magic
  2051 | D:2      | Reached skill level 1 in Air Magic
  2051 | D:2      | Reached skill level 1 in Earth Magic
  2094 | D:2      | Learned a level 4 spell: Olgreb's Toxic Radiance
  2314 | D:3      | Found an iron altar of Okawaru.
  2373 | D:3      | Found a shimmering altar of Xom.
  2431 | D:3      | Found a hazy altar of Hepliaklqana.
  2431 | D:3      | Found a basalt altar of Yredelemnul.
  2724 | D:3      | Noticed Natasha
  2734 | D:3      | Killed Natasha
  2734 | D:3      | Reached XP level 5. HP: 29/37 MP: 6/12
  2914 | D:3      | Noticed Terence
  2926 | D:3      | Killed Terence
  3213 | D:3      | Found a shattered altar of Ashenzari.
  3582 | D:4      | Noticed an ogre
  3603 | D:4      | Killed an ogre
  3603 | D:4      | Reached XP level 6. HP: 44/44 MP: 9/14
  3626 | D:4      | Reached skill level 5 in Dodging
  3979 | D:4      | Found a glowing silver altar of Zin.
  4085 | D:4      | Reached XP level 7. HP: 11/50 MP: 2/15
  4154 | D:4      | Noticed Menkaure
  4711 | D:4      | Killed Menkaure
  4751 | D:5      | Entered Level 5 of the Dungeon
  4765 | D:5      | Reached skill level 5 in Stealth
  4782 | D:5      | Noticed Eustachio
  4806 | D:5      | Killed Eustachio
  4806 | D:5      | Reached XP level 8. HP: 15/57 MP: 0/16
  5223 | D:5      | Noticed Pikel
  5243 | D:5      | Killed Pikel
  5243 | D:5      | Reached skill level 6 in Spellcasting
  5690 | D:5      | Found a runed door.
  5695 | D:5      | Noticed Crazy Yiuf
  5700 | D:5      | Killed Crazy Yiuf
  6062 | D:6      | Reached XP level 9. HP: 65/65 MP: 11/18
  6945 | D:6      | Found a staircase to the Ecumenical Temple.
  6951 | Temple   | Entered the Ecumenical Temple
  6962 | Temple   | Became a worshipper of Sif Muna the Loreminder
  7627 | D:7      | Reached skill level 5 in Invocations
  7772 | D:7      | Found a bloodstained altar of Trog.
  7937 | D:7      | Reached * piety under Sif Muna
  7937 | D:7      | Reached XP level 10. HP: 73/73 MP: 12/20
  7996 | D:7      | Reached skill level 7 in Spellcasting
  8007 | D:7      | Found a hazy altar of Hepliaklqana.
  8334 | D:7      | Found Paphapt's General Store.
  8416 | D:7      | Reached skill level 5 in Fighting
  8416 | D:7      | Reached skill level 5 in Short Blades
  8416 | D:7      | Reached skill level 5 in Long Blades
  8416 | D:7      | Reached skill level 5 in Axes
  8416 | D:7      | Reached skill level 5 in Maces & Flails
  8416 | D:7      | Reached skill level 5 in Polearms
  8416 | D:7      | Reached skill level 5 in Staves
  8416 | D:7      | Reached skill level 5 in Slings
  8416 | D:7      | Reached skill level 5 in Bows
  8416 | D:7      | Reached skill level 5 in Crossbows
  8416 | D:7      | Reached skill level 5 in Throwing
  8416 | D:7      | Reached skill level 5 in Armour
  8416 | D:7      | Reached skill level 5 in Shields
  8416 | D:7      | Reached skill level 5 in Unarmed Combat
  8416 | D:7      | Reached skill level 5 in Evocations
  8566 | D:8      | Found a radiant altar of Vehumet.
  8644 | D:8      | Found a white marble altar of Elyvilon.
  8666 | D:8      | Found a shadowy altar of Dithmenos.
  9125 | D:8      | Noticed a two-headed hydra
  9130 | D:8      | Reached skill level 5 in Conjurations
  9164 | D:8      | HP: 5/111 [yak (8)]
  9190 | D:8      | Killed a one-headed hydra
  9190 | D:8      | Reached ** piety under Sif Muna
  9574 | D:8      | Found Xeegh's Assorted Antiques.
  9770 | D:8      | Found a snail-covered altar of Cheibriados.
 10118 | D:9      | Found Duneclixt's Gadget Emporium.
 10177 | D:9      | Reached XP level 11. HP: 64/81 MP: 2/22
 10584 | D:9      | Found Qemmanoi's Book Boutique.
 10784 | D:9      | Bought a book of Power for 495 gold pieces
 10790 | D:9      | Learned a level 5 spell: Bolt of Magma
 10801 | D:9      | Found a transporter.
 10835 | D:9      | Found a glowing golden altar of the Shining One.
 10847 | D:9      | Found a transporter.
 11005 | D:9      | Found Avex's Jewellery Shoppe.
 11007 | D:9      | Found Fukh's General Store.
 11016 | D:9      | Found Quryez's Weapon Shoppe.
 11045 | D:9      | Found an ancient bone altar of Kikubaaqudgha.
 11048 | D:9      | Noticed a two-headed ogre
 11082 | D:9      | Killed a two-headed ogre
 11082 | D:9      | Reached skill level 5 in Hexes
 11082 | D:9      | Reached skill level 5 in Charms
 11082 | D:9      | Reached skill level 5 in Summonings
 11082 | D:9      | Reached skill level 5 in Necromancy
 11082 | D:9      | Reached skill level 5 in Translocations
 11082 | D:9      | Reached skill level 5 in Transmutations
 11082 | D:9      | Reached skill level 5 in Fire Magic
 11082 | D:9      | Reached skill level 5 in Ice Magic
 11082 | D:9      | Reached skill level 5 in Air Magic
 11082 | D:9      | Reached skill level 5 in Earth Magic
 11371 | D:9      | Found a staircase to the Lair.
 11496 | D:10     | Entered Level 10 of the Dungeon
 11695 | D:10     | Found a staircase to the Orcish Mines.
 11761 | D:10     | Reached skill level 8 in Spellcasting
 12599 | Lair:1   | Entered Level 1 of the Lair of Beasts
 12963 | Lair:1   | Reached *** piety under Sif Muna
 13056 | Lair:1   | HP: 4/82 [poisoned by a black mamba]
 13061 | Lair:1   | Mangled by a black mamba

Vault maps used:
D:1:      tarquinn_simple_flora_water_d, minmay_tetromino_l2
D:3:      marbit_many_paths, chequers_temple_overflow_statue_of_worship,
          okawaru_metal_pillars_1_2, xom_teletrap_fun, uniq_terence,
          uniq_natasha
D:4:      zin_treasury, first_ration, minmay_close_crescents, uniq_menkaure
D:5:      uniq_pikel, uniq_crazy_yiuf_cottage, uniq_eustachio
D:6:      temple_green, dk_vineyard_1
D:7:      trog_ov_bears_minmay, serial_shops,
          nicolae_shop_temple_entry_statues_fountains, basic_altar, eino_jars
D:8:      lemuel_round_altar, old_standard_altar, grunt_temple_overflow_open,
          special_room, serial_shops, shop, hangedman_ranch
D:9:      gammafunk_cloud_chamber, kennysheep_mini_moat,
          kiku_gazebo_garden_becter, grunt_lair_entry_orc_guard_hut,
          serial_shops, shop, shop, shop, nicolae_shop_crystal, shop
D:10:     orc_0_dummy
D:11:     trove_entry_hex_spiral, minivault_8
Temple:   corrupted_temple
Lair:1:   cheibrodos_lair_river_kwai, lemuel_fruit_tree,
          infiniplex_staircase_pool

Skill      XL: |  1  2  3  4  5  6  7  8  9 10 11 |
---------------+----------------------------------+-----
Conjurations   | 2 3 4 5 |  5.7
Spellcasting   | 5 6 7 8 |  8.1
Invocations    | 1 2 3 4 5 6 |  6.9
Fighting       | 1 2 3 4 5 6 |  6.3
Short Blades   | 1 2 3 4 5 6 |  6.3
Long Blades    | 1 2 3 4 5 6 |  6.3
Axes           | 1 2 3 4 5 6 |  6.3
Maces & Flails | 1 2 3 4 5 6 |  6.3
Polearms       | 1 2 3 4 5 6 |  6.3
Staves         | 1 2 3 4 5 6 |  6.3
Slings         | 1 2 3 4 5 6 |  6.3
Bows           | 1 2 3 4 5 6 |  6.3
Crossbows      | 1 2 3 4 5 6 |  6.3
Throwing       | 1 2 3 4 5 6 |  6.3
Armour         | 1 2 3 4 5 6 |  6.3
Shields        | 1 2 3 4 5 6 |  6.3
Unarmed Combat | 1 2 3 4 5 6 |  6.3
Evocations     | 1 2 3 4 5 6 |  6.3
Hexes          | 1 2 3 4 5 |  5.2
Charms         | 1 2 3 4 5 |  5.2
Summonings     | 1 2 3 4 5 |  5.2
Necromancy     | 1 2 3 4 5 |  5.2
Translocations | 1 2 3 4 5 |  5.2
Transmutations | 1 2 3 4 5 |  5.2
Fire Magic     | 1 2 3 4 5 |  5.2
Ice Magic      | 1 2 3 4 5 |  5.2
Air Magic      | 1 2 3 4 5 |  5.2
Earth Magic    | 1 2 3 4 5 |  5.2
Dodging        | 5 6 7 |  7.9
Stealth        | 5 6 7 |  7.7
Poison Magic   | 6 7 |  7.7

Action                   |  1- 3 |  4- 6 |  7- 9 | 10-12 || total
-------------------------+-------+-------+-------+-------++-------
Melee: Unarmed           |     4 |       |       |       ||     4
       Dagger            |       |    52 |   182 |   232 ||   466
       Bite              |       |     4 |    14 |    45 ||    63
       Punch             |       |       |     3 |    11 ||    14
       Hand axe          |       |       |       |   144 ||   144
Throw: Tomahawk          |       |       |    33 |    68 ||   101
       Javelin           |       |       |    10 |     6 ||    16
 Cast: Sting             |    64 |   130 |   135 |   193 ||   522
       Olgreb's Toxic Ra |       |       |    16 |    41 ||    57
Invok: Divine Energy     |       |       |       |     1 ||     1
       Stop Divine Energ |       |       |       |     1 ||     1
  Use: Scroll            |     1 |       |     6 |     4 ||    11
       Potion            |       |       |     1 |    20 ||    21
 Stab: Sleeping          |       |       |       |     1 ||     1
  Eat: Chunk             |     1 |     8 |    11 |     9 ||    29
       Ration            |       |       |     1 |     4 ||     5
Armor: Robe              |     4 |     9 |     8 |       ||    21
       Leather armour    |       |       |    40 |   109 ||   149
       Skin              |       |       |       |    51 ||    51
       Troll leather arm |       |       |       |    19 ||    19
Dodge: Dodged            |    21 |    60 |   131 |   304 ||   516

Table legend:
 A = Spawn XP
 B = Non-spawn XP
 C = Spawn XP percentage of total XP
 D = Spawn monster count
 E = Non-spawn monster count
 F = Spawn count percentage of total count
 G = Total turns spent on level
                    A         B        C        D         E        F      G
               +---------+---------+-------+---------+---------+-------+---------
         Total |       0 |   14692 |   0.0 |       0 |     291 |   0.0 | 13061
               +---------+---------+-------+---------+---------+-------+---------
           D:1 |       0 |      54 |   0.0 |       0 |      24 |   0.0 |  1099
           D:2 |       0 |      85 |   0.0 |       0 |      21 |   0.0 |  1166
           D:3 |       0 |     119 |   0.0 |       0 |      17 |   0.0 |  1045
           D:4 |       0 |     712 |   0.0 |       0 |      27 |   0.0 |  1441
           D:5 |       0 |    1321 |   0.0 |       0 |      18 |   0.0 |  1303
           D:6 |       0 |    1212 |   0.0 |       0 |      34 |   0.0 |  1366
           D:7 |       0 |    2158 |   0.0 |       0 |      47 |   0.0 |  1098
           D:8 |       0 |    3167 |   0.0 |       0 |      44 |   0.0 |  1516
           D:9 |       0 |    3069 |   0.0 |       0 |      21 |   0.0 |  1431
          D:10 |       0 |     737 |   0.0 |       0 |      15 |   0.0 |   755
          D:11 |       0 |     888 |   0.0 |       0 |      17 |   0.0 |   337
        Lair:1 |       0 |    1170 |   0.0 |       0 |       6 |   0.0 |   462
               +---------+---------+-------+---------+---------+-------+---------
